 Dungeon Crawl Stone Soup version 0.22-a0-469-gf26638a (webtiles) character file.

83678 DrEnzyme the Fighter (level 15, -3/113 HPs)
             Began as an Octopode Wanderer on June 11, 2018.
             Was an Initiate of Gozag.
             Slain by a mana viper (18 damage)
             ... on level 2 of the Snake Pit.
             The game lasted 02:19:26 (27167 turns).

DrEnzyme the Fighter (Octopode Wanderer)           Turns: 27167, Time: 02:19:27

Health: -3/113     AC:  3    Str: 22    XL:     15   Next: 77%
Magic:  21/27      EV: 33    Int: 16    God:    Gozag
Gold:   1393       SH:  0    Dex: 23    Spells: 20/30 levels left

rFire    . . .     SeeInvis +   a - +10 mace "Qogi" {protect, rC+ Int+9}
rCold    + . .     Gourm    .   (no shield)
rNeg     . . .     Faith    .   (helmet restricted)
rPois    +         Spirit   .   A - amulet of regeneration
rElec    .         Reflect  .   k - ring of see invisible
rCorr    .         Harm     .   z - ring of wizardry
MR       +....                  x - ring of poison resistance
Stlth    +++++.....             h - +3 ring of strength
HPRegen  0.68/turn              M - ring "Keon" {rPois MR- AC+2 Dex+3}
MPRegen  0.20/turn              l - +2 ring of evasion
                                Z - ring of protection from magic
                                V - ring of Adeisi {Str+4 Int-5} (curse)

@: agile, gold aura, flying, very slightly contaminated, invisible
A: almost no armour, stealthy swim, amphibious, 8 rings, constrict 8, camouflage
1, clumsy 1, gelatinous body 1
a: Potion Petition, Call Merchant, Bribe Branch, Renounce Religion


You were on level 2 of the Snake Pit.
You worshipped Gozag.
Gozag was most pleased with you.
You were not hungry.

You visited 5 branches of the dungeon, and saw 25 of its levels.
You also visited: Ossuary.

You collected 8081 gold pieces.
You spent 1676 gold pieces at shops.
You paid 5012 gold pieces to Gozag.

Inventory:

Hand Weapons
 a - the +10 mace "Qogi" (weapon) {protect, rC+ Int+9}
   (You found it on level 5 of the Dungeon)

   It protects the one who uses it against injury (+AC on strike).
   It affects your intelligence (+9).
   It protects you from cold.
 c - a +3 hand crossbow
Missiles
 e - 84 bolts
 y - 2 silver tomahawks (quivered)
Jewellery
 h - a +3 ring of strength (on tentacle)
 k - a ring of see invisible (left tentacle)
 l - a +2 ring of evasion (on tentacle)
 x - a ring of poison resistance (on tentacle)
 z - a ring of wizardry (right tentacle)
 A - an amulet of regeneration (around mantle)
 G - the ring "Tyron" {rF+ MR- Int+3 Dex+5}
   (You bought it in a shop on level 10 of the Dungeon)

   [ring of dexterity]

   It affects your intelligence (+3).
   It affects your dexterity (+5).
   It protects you from fire.
   It affects your resistance to hostile enchantments.
 M - the ring "Keon" (on tentacle) {rPois MR- AC+2 Dex+3}
   (You bought it in a shop on level 10 of the Dungeon)

   [ring of protection]

   It affects your AC (+2).
   It affects your dexterity (+3).
   It protects you from poison.
   It affects your resistance to hostile enchantments.
 S - the ring "Mech" {rElec rN+ Str+3 Stlth-}
   (You bought it in a shop on level 10 of the Dungeon)

   [ring of loudness]

   It affects your strength (+3).
   It insulates you from electricity.
   It protects you from negative energy.
   It makes you less stealthy.
 V - the cursed ring of Adeisi (on tentacle) {Str+4 Int-5}
   (You bought it in a shop on level 10 of the Dungeon)

   [ring of intelligence]

   It affects your strength (+4).
   It affects your intelligence (-5).
   It has a curse placed upon it.
 Z - a ring of protection from magic (on tentacle)
Wands
 B - a wand of flame (30)
 K - a wand of polymorph (40)
 O - a wand of digging (25)
 Y - a wand of paralysis (11)
Scrolls
 d - 5 scrolls of teleportation
 i - 9 scrolls of identify
 o - 9 scrolls of remove curse
 r - a scroll of blinking
 u - 3 scrolls of fear
 w - a scroll of fog
 Q - 2 scrolls of magic mapping
Potions
 b - a potion of agility
 g - 6 potions of flight
 m - 3 potions of resistance
 q - a potion of haste
 t - 9 potions of curing
 v - 2 potions of magic
 C - 5 potions of brilliance
 D - 2 potions of cancellation
 L - 3 potions of might
 N - 3 potions of lignification
Miscellaneous
 J - a box of beasts
 T - 2 phantom mirrors
Comestibles
 f - 17 rations


   Skills:
 + Level 14.2 Fighting
 - Level 10.5 Maces & Flails
 - Level 5.0 Crossbows
 - Level 1.0 Throwing
 + Level 13.7 Dodging
 - Level 4.8 Stealth
 - Level 7.2 Unarmed Combat
 + Level 8.0 Spellcasting
 + Level 6.1 Transmutations
 - Level 10.0 Evocations


You had 20 spell levels left.
You knew the following spells:

 Your Spells              Type           Power        Failure   Level  Hunger
a - Swiftness             Chrm/Air       #.......     7%          2    None
b - Blade Hands           Tmut           ####......   11%         5    #####..
c - Static Discharge      Conj/Air       #.......     13%         3    ##.....

Your spell library contained the following spells:

 Spells                   Type           Power        Failure   Level  Hunger
 Lightning Bolt           Conj/Air       #.........   73%         5    #####..
 Summon Small Mammal      Summ           #...         4%          1    None
 Summon Ice Beast         Ice/Summ       #.......     38%         4    ####...
 Call Imp                 Summ           #.......     7%          2    None
 Shock                    Conj/Air       #...         4%          1    None
 Spider Form              Tmut/Pois      ###.......   4%          3    ##.....
 Ice Form                 Ice/Tmut       ###.....     12%         4    ####...
 Airstrike                Air            #.........   38%         4    ####...
 Sticks to Snakes         Tmut           ####....     1%          2    None
 Call Canine Familiar     Summ           #.......     13%         3    ##.....
 Beastly Appendage        Tmut           ####..       1%          1    None
 Summon Lightning Spire   Summ/Air       #.......     38%         4    ####...
 Summon Guardian Golem    Hex/Summ       #.......     13%         3    ##.....


Dungeon Overview and Level Annotations

Branches:
Dungeon (14/15)            Temple (1/1) D:5            Lair (6/6) D:10
 Shoals (0/4) Lair:2        Snake (2/4) Lair:2        Slime (0/5) Lair:6
    Orc (2/2) D:9             Elf (0/3) Orc:2
 Vaults: D:13-14

Altars:
Ashenzari
Cheibriados
Dithmenos
Elyvilon
Fedhas
Gozag
Hepliaklqana
Kikubaaqudgha
Makhleb
Nemelex Xobeh
Okawaru
Qazlal
Ru
Sif Muna
Uskayaw
Wu Jian
Xom
Yredelemnul
The Shining One
Jiyva

Shops:
D:10 ==%=   Orc:2 (=[*

Annotations:
D:3 exclusion: downstairs, Grinder
D:4 Dowan, Duvessa
D:7 exclusion: downstairs
D:9 exclusion: downstairs, Erica
D:11 exclusions: downstairs and hydra
D:13 exclusion: downstairs
D:14 Nessos
Lair:3 exclusions: downstairs and oklob plant
Lair:4 exclusions: downstairs, electric eel, komodo dragon and 1 more exclusion
Lair:6 exclusions: basilisk, 2 elephants and hippogriff


Innate Abilities, Weirdness & Mutations

You cannot wear most types of armour.
You are very stealthy in the water. (Stealth+)
You are amphibious.
You can wear up to eight rings at the same time.
You can use your tentacles to constrict eight enemies at once.
Your skin changes colour to match your surroundings (Stealth+).
Your rubbery body absorbs attacks. (AC +1, EV +1)
You are clumsy. (Dex -2)


Message History

[b] - 315 gold - flight, agility and invisibility [c] - 300 gold - invisibility, agility and flight Purchase which effect?
You no longer have enough gold to fund merchants seeking to open stores in the dungeon.
You fade into invisibility!
You feel agile all of a sudden.
You feel very buoyant.
You fly up into the air.
The anaconda is distracted by the nearby gold.
* * * LOW HITPOINT WARNING * * *
The anaconda constricts you.
The mana viper is distracted by the nearby gold.
* * * LOW HITPOINT WARNING * * *
The anaconda constricts you.
You are very lightly contaminated with residual magic.
You escape the anaconda's grasp.
The mana viper is no longer distracted by gold.
There is a stone staircase leading up here.
The mana viper bites you!!
You die...
Your body crumbles into a pile of gold.

....# ## .... .#
#N.. .. ... ...
#..##. ..#
S...##....# ..
#...#...<#.####.
.........##....#
..........#.#..#
.........@#.#..##
..#.......S..$..#
#..#.....S##....#
...###....##
##.....
........#..# #...
.....###.#.#####
.# ...#
#.......###. # .
#....#........
....####..#####.


You could see an anaconda (unaware), a mana viper and a naga (wandering).

Vanquished Creatures
  2 orc warlords
  The ghost of yaymichael the Carver, a journeyman TeGl of Vehumet (Orc:1)
  A fire dragon (Lair:6)
  3 naga warriors (Snake:1)
  6 hydras
  3 two-headed ogres
  3 anacondas (Snake:1)
  A death yak (Lair:4)
  A death knight (D:13)
  2 naga sharpshooters (Snake:1)
  4 orc high priests (Orc:2)
  Nergalle (Orc:1)
  A shock serpent (Snake:1)
  A skeletal warrior (D:9)
  2 naga ritualists
  3 unseen horrors
  A swamp dragon (Lair:6)
  A necromancer (D:13)
  A lindwurm (Lair:6)
  3 orc knights (Orc:2)
  A wolf spider zombie (D:13)
  4 ugly things (D:12)
  A deep elf mage (D:12)
  A salamander (Snake:2)
  6 orc sorcerers
  The ghost of DrEnzyme the Insei, a novice OpWn of Gozag (D:7)
  6 mana vipers
  A cyclops (Orc:1)
  4 elephants (Lair:6)
  5 naga magi (Snake:1)
  2 torpor snails (Lair:6)
  14 black mambas
  12 spiny frogs
  10 komodo dragons
  A rime drake (Lair:6)
  A yaktaur (shapeshifter) (D:9)
  A freezing wraith (D:12)
  7 trolls
  20 blink frogs
  A harpy skeleton (D:13)
  3 slime creatures (D:10)
  A snapping turtle (Lair:2)
  9 dream sheep
  14 hippogriffs
  A meliai zombie (D:10)
  30 yaks
  3 wyverns
  A vampire (D:13)
  2 wraiths (D:13)
  5 hungry ghosts
  2 steam dragons (Lair:6)
  2 basilisks (Lair:6)
  2 vampire mosquitoes (D:13)
  2 wargs
  An acid dragon (Lair:6)
  3 soldier ants
  8 nagas
  11 porcupines
  13 water moccasins
  4 phantoms
  5 sky beasts
  2 swamp drakes (Lair:6)
  39 orc warriors
  3 black bears
  An eye of draining (D:11)
  4 ice beasts
  2 hornet zombies (D:13)
  A necrophage (D:8)
  11 ogres
  6 wolves
  3 centaurs
  16 crocodiles
  2 big kobolds (D:9)
  12 bullfrogs
  4 scorpions
  14 wights
  3 electric eels
  8 howler monkeys
  2 bullfrog zombies
  2 quasits
  7 crimson imps
  4 jellies
  Crazy Yiuf (D:7)
  24 orc priests
  10 hounds
  3 bullfrog skeletons
  8 worker ants
  3 iguanas (Lair:6)
  27 orc wizards
  A killer bee zombie (D:9)
  A hound skeleton (D:10)
  8 mummies (Ossuary)
  A worker ant zombie (D:5)
  8 adders
  8 gnolls
  A howler monkey skeleton (D:8)
  2 shadow imps
  2 adder skeletons
  2 worms (D:2)
  3 dart slugs
  7 leopard geckos
  77 orcs
  2 ball pythons
  16 giant cockroaches
  3 hobgoblins
  3 jackals
  5 quokkas
  8 bats
  2 frilled lizards (D:3)
  2 gnoll zombies (Ossuary)
  6 goblins
  A hobgoblin zombie (Ossuary)
  A jackal skeleton (D:4)
  13 kobolds
  4 kobold zombies (Ossuary)
  A leopard gecko skeleton (D:5)
  An orc zombie (Ossuary)
  8 rats
  16 plants
697 creatures vanquished.

Vanquished Creatures (others)
  A dancing weapon (D:13)
  An orc wizard (Orc:2)
  An adder (D:5)
  12 fungi
  22 plants
37 creatures vanquished.

Grand Total: 734 creatures vanquished

Notes
Turn   | Place    | Note
-------+----------+-------------------------------------------
     0 | D:1      | DrEnzyme the Octopode Wanderer began the quest for the Orb.
     0 | D:1      | DrEnzyme set off with: a +2 hand crossbow, 28 bolts, a +0 hand axe, a scroll of teleportation, a ration
     0 | D:1      | Reached XP level 1. HP: 17/17 MP: 1/1
     7 | D:1      | Noticed an anaconda
     7 | D:1      | Noticed a five-headed hydra
     9 | D:1      | Noticed a lindwurm
     9 | D:1      | Noticed a hound
   127 | D:1      | Reached XP level 2. HP: 22/22 MP: 2/2
   321 | D:1      | Reached skill level 1 in Dodging
   671 | D:2      | Reached XP level 3. HP: 16/27 MP: 3/3
   856 | D:2      | Found a faded altar of an unknown god.
  1000 | D:2      | Reached XP level 4. HP: 23/34 MP: 4/4
  1616 | D:3      | Noticed Grinder
  1639 | D:3      | Reached XP level 5. HP: 35/38 MP: 5/5
  1650 | D:3      | Reached skill level 1 in Unarmed Combat
  2122 | D:4      | Noticed an ogre
  2123 | D:4      | Reached skill level 5 in Fighting
  2210 | D:4      | Found a sparkling altar of Nemelex Xobeh.
  2394 | D:4      | Noticed Duvessa
  2395 | D:4      | Noticed Dowan
  2399 | D:5      | Entered Level 5 of the Dungeon
  2416 | D:5      | Found a staircase to the Ecumenical Temple.
  2426 | Temple   | Entered the Ecumenical Temple
  2433 | Temple   | Became a worshipper of Gozag Ym Sagoz the Greedy
  2500 | D:5      | Reached XP level 6. HP: 17/45 MP: 6/6
  2715 | D:5      | Found a sacrificial altar of Ru.
  2845 | D:5      | Reached XP level 7. HP: 50/50 MP: 7/7
  3122 | D:5      | Reached skill level 5 in Crossbows
  3148 | D:5      | Got a transparent mace
  3150 | D:5      | Identified the +10 mace "Qogi" {protect, rC+ Int+9} (You found it on level 5 of the Dungeon)
  3492 | D:5      | Reached skill level 6 in Fighting
  3492 | D:5      | Reached XP level 8. HP: 55/57 MP: 8/8
  3527 | D:5      | Found a basalt altar of Yredelemnul.
  3530 | D:5      | Noticed a profane servitor
  3535 | D:5      | Found a glowing golden altar of the Shining One.
  3538 | D:5      | Noticed an angel
  3822 | D:6      | Found a shattered altar of Ashenzari.
  3868 | D:6      | Found a sand-covered staircase.
  3903 | Ossuary  | Entered an ossuary
  4535 | D:6      | Reached skill level 5 in Dodging
  4741 | D:7      | Noticed a dagger
  4742 | D:7      | Found a hide-covered altar of Uskayaw.
  4742 | D:7      | Noticed a dagger
  4928 | D:7      | Reached XP level 9. HP: 55/63 MP: 9/9
  4940 | D:7      | Reached skill level 5 in Unarmed Combat
  4943 | D:7      | Reached skill level 7 in Fighting
  5252 | D:7      | Found a snail-covered altar of Cheibriados.
  5254 | D:7      | Noticed DrEnzyme's ghost (novice OpWn)
  5270 | D:7      | Killed DrEnzyme's ghost
  5497 | D:7      | Found a snail-covered altar of Cheibriados.
  5512 | D:7      | Learned a level 2 spell: Swiftness
  5514 | D:7      | Learned a level 1 spell: Shock
  5518 | D:7      | Learned a level 3 spell: Static Discharge
  5551 | D:7      | Found a deep blue altar of Sif Muna.
  5641 | D:7      | Found a runed door.
  5729 | D:7      | Reached skill level 5 in Maces & Flails
  5887 | D:7      | Noticed Crazy Yiuf
  5893 | D:7      | Killed Crazy Yiuf
  5943 | D:8      | Noticed a two-headed ogre
  6645 | D:8      | Reached skill level 8 in Fighting
  6672 | D:8      | Found a stormy altar of Qazlal.
  6688 | D:8      | Reached XP level 10. HP: 57/72 MP: 10/10
  7435 | D:9      | Noticed a skeletal warrior
  7511 | D:9      | Found a staircase to the Orcish Mines.
  7905 | D:9      | Reached skill level 1 in Evocations
  8231 | D:9      | Noticed Erica
  8477 | D:9      | Reached skill level 9 in Fighting
  8964 | D:10     | Entered Level 10 of the Dungeon
  9124 | D:10     | Found a staircase to the Lair.
  9335 | D:10     | Bought the ring "Tyron" {rF+ MR- Int+3 Dex+5} for 630 gold pieces
  9336 | D:10     | Bought the ring "Keon" {rPois MR- AC+2 Dex+3} for 256 gold pieces
  9432 | D:10     | Reached XP level 11. HP: 51/80 MP: 13/13
 11154 | D:11     | Noticed a five-headed hydra
 11472 | D:12     | Noticed a white ugly thing
 11520 | Lair:1   | Entered Level 1 of the Lair of Beasts
 11524 | Lair:1   | Reached skill level 5 in Evocations
 11533 | D:10     | Bought the ring "Mech" {rElec rN+ Str+3 Stlth-} for 352 gold pieces
 11579 | Lair:1   | Reached skill level 10 in Fighting
 12119 | Lair:1   | Reached XP level 12. HP: 56/88 MP: 16/16
 12532 | Lair:2   | Found a staircase to the Snake Pit.
 12765 | Lair:2   | Noticed a seven-headed hydra
 13082 | Lair:2   | Killed a seven-headed hydra
 13082 | Lair:2   | Reached skill level 10 in Dodging
 13563 | Lair:2   | Found a staircase to the Shoals.
 14315 | Lair:3   | Reached skill level 11 in Fighting
 14489 | Lair:3   | Noticed a five-headed hydra
 14507 | Lair:3   | Killed a five-headed hydra
 14937 | D:10     | Bought the cursed ring of Adeisi {Str+4 Int-5} for 130 gold pieces
 15078 | Lair:4   | Noticed a death yak
 15256 | Lair:4   | Reached skill level 10 in Maces & Flails
 15644 | Lair:4   | Noticed a death yak
 15644 | Lair:4   | Noticed a death yak
 15830 | Lair:5   | Noticed an eight-headed hydra
 15838 | Lair:5   | Reached XP level 13. HP: 92/95 MP: 18/18
 16518 | Orc:1    | Entered Level 1 of the Orcish Mines
 16519 | Orc:1    | Noticed yaymichael's ghost (journeyman TeGl)
 17133 | D:12     | Learned a level 5 spell: Blade Hands
 17240 | D:12     | Paralysed by an orc for 5 turns
 17246 | D:12     | Paralysed by an orc for 7 turns
 17363 | D:12     | Reached skill level 1 in Spellcasting
 17588 | D:12     | Reached skill level 12 in Fighting
 18893 | D:14     | Noticed Nessos
 19061 | Snake:1  | Entered Level 1 of the Snake Pit
 19397 | Snake:1  | Reached XP level 14. HP: 81/104 MP: 18/21
 20103 | Snake:1  | Reached skill level 10 in Evocations
 20905 | Lair:5   | Reached skill level 5 in Spellcasting
 21134 | Lair:5   | Reached skill level 13 in Fighting
 21461 | Lair:6   | Entered Level 6 of the Lair of Beasts
 21689 | Lair:6   | Reached skill level 1 in Transmutations
 22455 | Lair:6   | Found a staircase to the Slime Pits.
 22455 | Lair:6   | Found a viscous altar of Jiyva.
 22613 | Lair:6   | Reached XP level 15. HP: 69/111 MP: 24/24
 24526 | D:10     | Bought a +2 ring of evasion for 120 gold pieces
 24526 | D:10     | Bought a +3 ring of strength for 188 gold pieces
 24733 | Orc:1    | Noticed Nergalle
 24742 | Orc:1    | Killed Nergalle
 24857 | Orc:1    | Noticed an orc warlord
 24862 | Orc:1    | Killed yaymichael's ghost
 24871 | Orc:1    | Killed an orc warlord
 24879 | Orc:1    | Reached skill level 5 in Transmutations
 25291 | Orc:2    | Entered Level 2 of the Orcish Mines
 25654 | Orc:2    | Reached skill level 14 in Fighting
 26048 | Orc:2    | Noticed an orc warlord
 26117 | Orc:2    | Killed an orc warlord
 26257 | Orc:2    | Gained mutation: You are clumsy. (Dex -2) [a neqoxec]
 26538 | Orc:2    | Found a staircase to the Elven Halls.
 26677 | Orc:2    | Found Reshromeo's Antique Armour Emporium.
 26678 | Orc:2    | Found Benunwi's Antique Weapon Shoppe.
 26680 | Orc:2    | Found Nouh's General Store.
 26680 | Orc:2    | Found Tapinofi's Jewellery Emporium.
 27167 | Snake:2  | Slain by a mana viper

Vault maps used:
D:1:      onia_arrival_zoo_common, serial_glass, glass_columns_c,
          glass_columns_a
D:2:      first_ration, chequers_ecumenical_altar_twisty, due_unseen_surprise
D:3:      minmay_roachtagon, uniq_grinder
D:4:      nemelex_altar_shiori, uniq_duvessa
D:5:      grunt_temple_overflow_holy_war, lemuel_doored_altar,
          minmay_temple_entry_statues_pillars
D:6:      basic_altar, enter_ossuary_1
D:7:      dancing_weapons_uskayaw, cheibriados_altar_1, kennysheep_mini_moat,
          basic_altar, uniq_crazy_yiuf_cottage
D:8:      lemuel_round_altar, trog_eyes_of_draining
D:9:      minmay_bloctagon, orc_0_dummy, serial_park_tiny_2, uniq_erica
D:10:     dpeg_oklobed_lair, hangedman_pestilent_swarm
D:11:     st_stairs_12
D:14:     erik_vaults_1, serial_shops, shop_statue, shop_fountains,
          nicolae_shop_window_shopping, nicolae_shop_trees, uniq_nessos
Temple:   eino_temple_lava
Lair:2:   minmay_shoals_entry_hut, minmay_snake_entry_guardpost_small,
          serial_bayou_lake_a
Lair:3:   lemuel_fruit_tree, minmay_lair_oklob_chamber, grunt_megastairs_2,
          lemuel_fruit_fields, serial_bayou_shore_b,
          infiniplex_staircase_pool_2, lemuel_fruit_fields
Lair:4:   disabler_island
Lair:5:   serial_bayou_lagoon_a, grunt_megastairs_4
Lair:6:   guppyfry_lair_end_dragon, hangedman_lair_in_review, slime_altar_1,
          serial_bayou_ford_a, st_stairs_3
Snake:1:  grunt_ministairs_15, serial_bayou_crossing
Orc:1:    uniq_nergalle
Orc:2:    st_orc_congregation
Ossuary:  ossuary_tomb_3

Skill      XL: |  1  2  3  4  5  6  7  8  9 10 11 12 13 14 15 |
---------------+----------------------------------------------+-----
Dodging        | 1 2 3 4 5 6 8 9 10 11 13 | 13.7
Unarmed Combat | 1 2 3 4 6 7 |  7.2
Crossbows      | 4 5 |  5.0
Fighting       | 5 6 8 9 10 11 12 13 14 | 14.2
Maces & Flails | 2 3 5 7 8 10 | 10.5
Evocations     | 3 6 7 9 10 | 10.0
Stealth        | 4 |  4.8
Spellcasting   | 3 6 8 |  8.0
Transmutations | 3 6 |  6.1
Throwing       | |  1.0

Action                   |  1- 3 |  4- 6 |  7- 9 | 10-12 | 13-15 || total
-------------------------+-------+-------+-------+-------+-------++-------
Melee: Unarmed           |       |    40 |    18 |       |       ||    58
       Constrict         |       |    13 |    44 |    89 |   193 ||   339
       Tentacles         |       |    13 |    29 |   223 |   427 ||   692
       Punch             |       |     1 |     7 |    60 |   120 ||   188
       Mace              |       |       |   169 |   682 |  1126 ||  1977
 Fire: Hand crossbow     |    61 |    71 |    30 |       |       ||   162
Throw: Javelin           |       |     2 |       |       |       ||     2
       Tomahawk          |       |       |     2 |     2 |       ||     4
Invok: Call Merchant     |       |       |       |     2 |     2 ||     4
       Potion Petition   |       |       |       |     1 |     4 ||     5
 Abil: Evoke Berserk Rag |       |       |       |     1 |       ||     1
Evoke: Wand              |       |       |       |    12 |    26 ||    38
  Use: Scroll            |     3 |     4 |    13 |    17 |     4 ||    41
       Potion            |       |     5 |     1 |     4 |    10 ||    20
 Stab: Sleeping          |       |       |     9 |    14 |    17 ||    40
       Distracted        |       |       |     2 |     3 |    19 ||    24
       Invisible         |       |       |       |     1 |     4 ||     5
  Eat: Chunk             |       |     4 |       |       |       ||     4
       Ration            |       |     1 |     3 |    10 |    11 ||    25
Armor: Skin              |     1 |     4 |    29 |    93 |    84 ||   211
Dodge: Dodged            |    18 |    34 |   134 |   563 |  1052 ||  1801

Table legend:
 A = Spawn XP
 B = Non-spawn XP
 C = Spawn XP percentage of total XP
 D = Spawn monster count
 E = Non-spawn monster count
 F = Spawn count percentage of total count
 G = Total turns spent on level
                    A         B        C        D         E        F      G
               +---------+---------+-------+---------+---------+-------+---------
         Total |       0 |  119541 |   0.0 |       0 |     682 |   0.0 | 27167
               +---------+---------+-------+---------+---------+-------+---------
           D:1 |       0 |      29 |   0.0 |       0 |      17 |   0.0 |   653
           D:2 |       0 |      59 |   0.0 |       0 |      17 |   0.0 |   738
           D:3 |       0 |     101 |   0.0 |       0 |      29 |   0.0 |   601
           D:4 |       0 |     123 |   0.0 |       0 |       9 |   0.0 |   407
           D:5 |       0 |    1045 |   0.0 |       0 |      23 |   0.0 |  1408
           D:6 |       0 |     500 |   0.0 |       0 |       9 |   0.0 |   470
           D:7 |       0 |    1823 |   0.0 |       0 |      26 |   0.0 |  1249
           D:8 |       0 |    1000 |   0.0 |       0 |      15 |   0.0 |   979
           D:9 |       0 |    4823 |   0.0 |       0 |      52 |   0.0 |  2337
          D:10 |       0 |    3237 |   0.0 |       0 |      28 |   0.0 |  1955
          D:11 |       0 |    2639 |   0.0 |       0 |      27 |   0.0 |  1046
          D:12 |       0 |    7954 |   0.0 |       0 |      51 |   0.0 |  1187
          D:13 |       0 |    7434 |   0.0 |       0 |      30 |   0.0 |   982
          D:14 |       0 |     890 |   0.0 |       0 |       3 |   0.0 |    70
        Lair:1 |       0 |    4878 |   0.0 |       0 |      18 |   0.0 |  1154
        Lair:2 |       0 |    5478 |   0.0 |       0 |      24 |   0.0 |  1764
        Lair:3 |       0 |    3911 |   0.0 |       0 |      14 |   0.0 |   858
        Lair:4 |       0 |    5873 |   0.0 |       0 |      23 |   0.0 |  1408
        Lair:5 |       0 |   10210 |   0.0 |       0 |      33 |   0.0 |  1180
        Lair:6 |       0 |   16874 |   0.0 |       0 |      63 |   0.0 |  1560
       Snake:1 |       0 |   16765 |   0.0 |       0 |      28 |   0.0 |  2484
       Snake:2 |       0 |    2846 |   0.0 |       0 |       6 |   0.0 |   119
         Orc:1 |       0 |    7594 |   0.0 |       0 |      40 |   0.0 |   489
         Orc:2 |       0 |   13302 |   0.0 |       0 |      81 |   0.0 |  1640
       Ossuary |       0 |     153 |   0.0 |       0 |      16 |   0.0 |   414
               +---------+---------+-------+---------+---------+-------+---------
